 Dungeon Crawl Stone Soup version 0.30.0-29-ga12c61a403 (webtiles) character file.

Game seed: 4704019811060862871

23 monsoonserge the Magician (level 2, 15/15 HPs)
             Began as a Deep Elf Hedge Wizard on June 18, 2023.
             Quit the game on level 2 of the Dungeon.
             The game lasted 00:02:04 (845 turns).

monsoonserge the Magician (Deep Elf Hedge Wizard)    Turns: 845, Time: 00:02:05

Health: 15/15      AC:  2    Str:  7    XL:     2   Next: 75%
Magic:  9/10       EV: 12    Int: 18    God:
Gold:   44         SH:  0    Dex: 14    Spells: 6/11 levels left

rFire   + . .        k - +0 short sword
rCold   . . .        (no shield)
rNeg    . . .        b - +0 robe
rPois   .            c - +0 hat
rElec   .            (no cloak)
rCorr   .            (no gloves)
SInv    .            (no boots)
Will    .....        m - amulet of magic regeneration
Stlth   ++           j - ring of protection from fire
HPRegen 0.22/turn    (no ring)
MPRegen 0.52/turn

%: no passive effects
@: no status effects
A: no striking features
a: no special abilities


You were on level 2 of the Dungeon.
You visited 1 branch of the dungeon, and saw 2 of its levels.

You collected 44 gold pieces.

Inventory:

Hand Weapons
 a - a +0 dagger
 e - a +0 dagger
 k - a +0 short sword (weapon)
Armour
 b - a +0 robe (worn)
 c - a +0 hat (worn)
 p - a +0 ring mail
Jewellery
 j - a ring of protection from fire (left hand)
 m - an amulet of magic regeneration (around neck)
Scrolls
 i - a scroll of magic mapping {unknown}
 l - a scroll of teleportation {unknown}
 n - a scroll of vulnerability {unknown}
 o - a scroll of enchant armour {unknown}
Potions
 d - a potion of magic
 f - a potion of haste {unknown}
 g - 2 potions of heal wounds {unknown}
 h - a potion of attraction {unknown}
 q - a potion of curing {unknown}


   Skills:
 + Level 0.1 Short Blades
 + Level 2.7 Dodging
 + Level 2.6 Stealth
 - Level 5.0 Spellcasting
 + Level 1.8 Conjurations
 + Level 1.1 Summonings
 + Level 1.1 Translocations


You had 6 spell levels left.
You knew the following spells:

 Your Spells              Type           Power      Damage    Failure   Level
a - Magic Dart            Conj           44%        1d5       6%          1
b - Blink                 Tloc           16%        N/A       13%         2
c - Cigotuvi's Dreadful   Necr/Pois/Air  8%         N/A       21%         2

Your spell library contained the following spells:

 Spells                   Type           Power      Damage    Failure   Level
 Slow                     Hex            16%        N/A       13%         1
 Call Imp                 Summ           16%        N/A       13%         2
 Mephitic Cloud           Conj/Pois/Air  6%         N/A       30%         3


Dungeon Overview and Level Annotations

Branches:
Dungeon (2/15)

Altars:


Message History

Aiming: Magic Dart (safe; 7% risk of failure)
Press: ? - help, Shift-Dir - straight line, f/p - adder
Aim: an adder (severely wounded, 100% to hit)
The magic dart hits the adder.
The adder is almost dead.
Casting: Magic Dart (safe; 7% risk of failure)
Confirm with . or Enter, or press ? or * to list all spells.
Aiming: Magic Dart (safe; 7% risk of failure)
Press: ? - help, Shift-Dir - straight line, f/p - adder
Aim: an adder (almost dead, 100% to hit)
The magic dart hits the adder.
You kill the adder!
Unknown command.
Memorise Blink, consuming 2 spell levels and leaving 8?
You start memorising the spell.
You continue memorising. x2
You finish memorising.
Spell assigned to 'b'.
Memorise Cigotuvi's Dreadful Rot, consuming 2 spell levels and leaving 6?
You start memorising the spell.
You continue memorising.
Magic restored.
You continue memorising.
The adder hisses angrily.
You finish memorising.
Spell assigned to 'c'.
Casting: Magic Dart (safe; 6% risk of failure)
Confirm with . or Enter, or press ? or * to list all spells.
Aiming: Magic Dart (safe; 6% risk of failure)
Press: ? - help, Shift-Dir - straight line, f - adder
Aim: an adder (100% to hit)
The magic dart hits the adder but does no damage.
Unknown command.
Casting: Magic Dart (safe; 6% risk of failure)
Confirm with . or Enter, or press ? or * to list all spells.
Aiming: Magic Dart (safe; 6% risk of failure)
Press: ? - help, Shift-Dir - straight line, f/p - adder
Aim: an adder (100% to hit)
The magic dart hits the adder but does no damage.
Casting: Magic Dart (safe; 6% risk of failure)
Confirm with . or Enter, or press ? or * to list all spells.
Okay, then.
Okay, then.
Are you sure you want to abandon this character and quit the game? (Confirm with "yes".)

#.# #.# #.# #.#
#.# #.# #.# ###
#....##.##.....
.....S.@†...#
##..........#
............#
#...........#
#.#.######.##
#... .. ### ##


You could see an adder.

Vanquished Creatures
  An adder (D:2)
  2 ball pythons (D:1)
  3 giant cockroaches (D:1)
  2 goblins (D:1)
  A hobgoblin (D:1)
  2 kobolds (D:1)
  A rat (D:1)
12 creatures vanquished.

Notes
Turn   | Place    | Note
-------+----------+-------------------------------------------
     0 | D:1      | monsoonserge the Deep Elf Hedge Wizard began the quest for
                  | the Orb.
     0 | D:1      | Reached XP level 1. HP: 10/10 MP: 7/7
   301 | D:1      | Reached skill level 5 in Spellcasting
   498 | D:1      | Reached XP level 2. HP: 15/15 MP: 6/10
   840 | D:2      | Learned a level 2 spell: Blink
   843 | D:2      | Learned a level 2 spell: Cigotuvi's Dreadful Rot
   845 | D:2      | Quit the game

Illustrated notes

Levels and vault maps discovered:
D:1:      moated_graveyard_arrival, layout_basic, minivault_23
D:2:      layout_basic

Skill      XL: |  1 |
---------------+----+-----
Spellcasting   | 5 |  5.0
Short Blades   | |  0.1
Dodging        | |  2.7
Stealth        | |  2.6
Conjurations   | |  1.8
Summonings     | |  1.1
Translocations | |  1.1

Action                     || total
---------------------------++-------
  Melee: Short sword       ||     4
   Cast: Magic Dart        ||    29
   Stab: Sleeping          ||     2
 Armour: Robe              ||     1
  Dodge: Dodged            ||     7
